 Dungeon Crawl Stone Soup version 0.29.1-1-gd02db6906a (webtiles) character file.

Game seed: 8493652940377252976

18 Aibolit the Trooper (level 2, 0/27 HPs)
             Began as a Hill Orc Fighter on Oct 7, 2022.
             Succumbed to an adder's poison
             ... on level 2 of the Dungeon.
             The game lasted 00:01:11 (761 turns).

Aibolit the Trooper (Hill Orc Fighter)               Turns: 761, Time: 00:01:11

Health: 0/27       AC:  6    Str: 24    XL:     2   Next: 70%
Magic:  2/2        EV:  9    Int:  8    God:
Gold:   36         SH:  5    Dex: 10    Spells: 1/1 levels left

rFire   . . .      SeeInvis +   a - +0 war axe
rCold   . . .      Faith    .   c - +1 buckler
rNeg    . . .      Spirit   .   b - +0 scale mail
rPois   .          Reflect  .   (no helmet)
rElec   .          Harm     .   (no cloak)
rCorr   .          Rampage  .   (no gloves)
Will    .....                   (no boots)
Stlth   ..........              (no amulet)
HPRegen 0.09/turn               k - +6 ring of strength
MPRegen 0.08/turn               j - ring of see invisible

@: lethally poisoned (0 -> -7)
A: no striking features
a: no special abilities


You were on level 2 of the Dungeon.
You visited 1 branch of the dungeon, and saw 2 of its levels.

You collected 36 gold pieces.

Inventory:

Hand Weapons
 a - a +0 war axe (weapon)
Armour
 b - a +0 scale mail (worn)
 c - a +1 buckler (worn)
Jewellery
 j - a ring of see invisible (right hand)
 k - a +6 ring of strength (left hand)
Scrolls
 g - a scroll of enchant armour
Potions
 d - a potion of might
 e - 2 potions of flight
 f - a potion of resistance {unknown}
 i - a potion of curing {unknown}


   Skills:
 + Level 4.0 Fighting
 + Level 3.1 Axes
 + Level 3.5 Armour
 + Level 3.5 Shields


You had one spell level left.
You didn't know any spells.
Your spell library was empty.

Dungeon Overview and Level Annotations

Branches:
Dungeon (2/15)

Altars:


Message History

The adder is severely wounded.
You hit the adder.
You feel sick. The adder closely misses you.
The adder bites you but does no damage. The adder closely misses you. x2
You are too injured to fight recklessly!
You are too injured to fight recklessly!
You are too injured to fight recklessly!
You barely miss the adder.
The adder is severely wounded.
You closely miss the adder.
You feel sick. You block the adder's attack.
The adder bites you but does no damage. The adder bites you.
* * * LOW HITPOINT WARNING * * *
The adder barely misses you.
You closely miss the adder.
The adder is severely wounded.
You closely miss the adder.
You feel sick.
The adder bites you but does no damage. x2; The adder bites you.
* * * LOW HITPOINT WARNING * * *
You block the adder's attack.
You closely miss the adder.
The adder is severely wounded.
You closely miss the adder.
You feel sick.
You are no longer poisoned.
The adder closely misses you. You block the adder's attack. x2
The adder closely misses you.
You are too injured to fight recklessly!
The adder attacks as you move away! You block the adder's attack.
You are too injured to fight recklessly!
You are too injured to fight recklessly!
You closely miss the adder.
The adder is severely wounded.
You closely miss the adder. You block the adder's attack. The adder bites you.
* * * LOW HITPOINT WARNING * * *
The adder barely misses you. The adder bites you.
* * * LOW HITPOINT WARNING * * *
You are lethally poisoned!
The adder poisons you!
You miss the adder.
The adder is severely wounded.
You closely miss the adder.
You die...

... .... .. #...
#...##..# ....
####..#.....
#..####....##...#
#..............#
#.............#
#..........#
#SS........#
#@.........#
#.....##..####
........##.##
#.##.##.###.# #.
...##.###.##
............######
.#####.###.......#
.# #.#
#.#####..... #..#
###


You could see 2 adders.

Vanquished Creatures
  2 ball pythons (D:1)
  An endoplasm (D:1)
  A hobgoblin (D:1)
  13 frilled lizards (D:1)
  3 kobolds (D:1)
  3 rats
23 creatures vanquished.

Vanquished Creatures (others)
  5 plants (D:1)
5 creatures vanquished.

Grand Total: 28 creatures vanquished

Notes
Turn   | Place    | Note
-------+----------+-------------------------------------------
     0 | D:1      | Aibolit the Hill Orc Fighter began the quest for the Orb.
     0 | D:1      | Reached XP level 1. HP: 19/19 MP: 1/1
   212 | D:1      | Reached XP level 2. HP: 27/27 MP: 2/2
   512 | D:1      | Reached skill level 4 in Fighting
   761 | D:2      | Succumbed to an adder's poison

Illustrated notes

Levels and vault maps discovered:
D:1:      minmay_arrival_five_plusses, layout_basic, minmay_lizard_king
D:2:      layout_rooms, serial_corexii_hall, chequers_hall_statues_y,
          chequers_hall_statues_corner_a, pf_guarded_unrand_delatra

Skill      XL: |  1  2 |
---------------+-------+-----
Axes           | 3 |  3.1
Fighting       | 4 |  4.0
Armour         | |  3.5
Shields        | |  3.5

Action                   || total
-------------------------++-------
Melee: War axe           ||    69
  Use: Scroll            ||     4
Armor: Scale mail        ||    39
Dodge: Dodged            ||    44
Block: Buckler           ||    21
